 Dungeon Crawl Stone Soup version 0.30-a0-123-g91d0c66ccf (webtiles) character file.

Game seed: 5174177966740253363

248 jlumianski the Chopper (level 6, -9/37 HPs)
             Began as a Gargoyle Gladiator on Sept 17, 2022.
             Mangled by Blork the orc
             ... wielding a +0 glaive
              (10 damage)
             ... on level 4 of the Dungeon.
             The game lasted 00:05:35 (2146 turns).

jlumianski the Chopper (Gargoyle Gladiator)         Turns: 2146, Time: 00:05:35

Health: -9/37      AC: 14    Str: 20    XL:     6   Next: 12%
Magic:  6/6        EV:  8    Int:  8    God:
Gold:   85         SH:  0    Dex: 11    Spells: 5/5 levels left

rFire   . . .      SeeInvis .    a - +0 war axe
rCold   . . .      Faith    .    (no shield)
rNeg    + . .      Spirit   .    u - +0 chain mail
rPois   ∞          Reflect  .    c - +0 helmet
rElec   +          Harm     .    (no cloak)
rCorr   .          Rampage  .    (no gloves)
Will    .....                    (no boots)
Stlth   ..........               (no amulet)
HPRegen 0.12/turn                (no ring)
MPRegen 0.10/turn                (no ring)

@: no status effects
A: sickness immunity, AC +4, negative energy resistance 1, electricity
resistance, torment resistance 1, petrification resistance
a: no special abilities


You were on level 4 of the Dungeon.
You visited 1 branch of the dungeon, and saw 5 of its levels.

You collected 85 gold pieces.

Inventory:

Hand Weapons
 a - a +0 war axe (weapon)
 t - a +0 mace of holy wrath
Armour
 b - a +0 leather armour
 c - a +0 helmet (worn)
 s - a +0 ring mail
 u - a +0 chain mail (worn)
Scrolls
 f - 3 scrolls of enchant weapon {unknown}
 g - 2 scrolls of identify {unknown}
 j - a scroll of fog {unknown}
 k - a scroll of fear {unknown}
 o - 2 scrolls of teleportation {unknown}
 q - a scroll of enchant armour {unknown}
 r - a scroll of vulnerability {unknown}
 v - a scroll of torment {unknown}
 x - a scroll of blinking {unknown}
Potions
 e - a potion of ambrosia {unknown}
 h - a potion of heal wounds {unknown}
 i - a potion of resistance {unknown}
 l - a potion of brilliance {unknown}
 m - a potion of curing
 n - a potion of cancellation {unknown}
 p - a potion of flight {unknown}


   Skills:
 + Level 3.2 Fighting
 + Level 4.3 Axes
 + Level 2.0 Throwing
 + Level 2.8 Armour
 + Level 3.1 Dodging
 + Level 0.2 Stealth


You had 5 spell levels left.
You didn't know any spells.
Your spell library was empty.

Dungeon Overview and Level Annotations

Branches:
Dungeon (5/15)
 Temple: D:4-7

Altars:
Fedhas

Annotations:
D:4 Blork the orc


Innate Abilities, Weirdness & Mutations

You are immune to sickness and miasma.
Your stone body is resilient. (AC +4)
You are immune to poison.
You resist negative energy. (rN+)
You are resistant to electric shocks. (rElec)
You are resistant to unholy torment.
You are immune to petrification.


Message History

Blork the orc screams, "I'll decorate my home with your organs!"
Blork the orc struggles against the net. x2
Blork the orc struggles against the net.
The net rips apart, and Blork the orc comes free!
Throw: throwing net
Press: ? - help, Q - select action, (/) - cycle Shift-Dir - straight line, f/p - Blork the orc
Aim: Blork the orc, wielding a +0 glaive and wearing a +1 robe of resistance (fast, 61% to hit)
You throw a throwing net.
The throwing net barely misses Blork the orc.
Blork the orc gestures at you while chanting.
The puff of flame hits you.
Throw: javelin
Press: ? - help, Q - select action Shift-Dir - straight line, f/p - Blork the orc
Aim: Blork the orc, wielding a +0 glaive and wearing a +1 robe of resistance (fast, 61% to hit)
You throw a javelin.
The javelin barely misses Blork the orc.
Blork the orc hits you from afar with a +0 glaive.
Blork the orc hits you but does no damage.
Blork the orc hits you with a +0 glaive.
Blork the orc closely misses you.
You hit Blork the orc but do no damage.
Blork the orc grins evilly.
Blork the orc hits you with a +0 glaive.
Blork the orc hits you but does no damage.
You closely miss Blork the orc.
Blork the orc hits you with a +0 glaive!
* * * LOW HITPOINT WARNING * * *
Blork the orc completely misses you.
You hit Blork the orc.
Blork the orc is lightly wounded.
Blork the orc hits you but does no damage. x2
You hit Blork the orc.
Blork the orc is moderately wounded.
Blork the orc hits you but does no damage.
Blork the orc hits you with a +0 glaive!
* * * LOW HITPOINT WARNING * * *
You slash Blork the orc!
Blork the orc is heavily wounded.
Blork the orc hits you with a +0 glaive!
You die...

#...####........
#...# #......
##.(.# #...
#...## ..# #...#
.## #...# ..#
##...# #.##...o#
#.....@#
##.....# .......
##....#
##..........
##..### ##...
......
#.....###....
#...)
#...........
#....
##...#......#
##....
#...####....#
##..... ##..##
#...####......


You could see Blork the orc (fast).

Vanquished Creatures
  Grinder (D:4)
  An adder (D:2)
  A dart slug (D:1)
  5 orcs (D:3)
  An endoplasm (D:4)
  5 giant cockroaches
  5 goblins
  A hobgoblin (D:1)
  3 jackals
  2 quokkas
  5 bats
  2 frilled lizards (D:1)
  2 kobolds
  7 rats
41 creatures vanquished.

Notes
Turn   | Place    | Note
-------+----------+-------------------------------------------
     0 | D:1      | jlumianski the Gargoyle Gladiator began the quest for the
                  | Orb.
     0 | D:1      | Reached XP level 1. HP: 12/12 MP: 1/1
   262 | D:1      | Reached XP level 2. HP: 9/17 MP: 2/2
   417 | D:1      | Reached skill level 3 in Axes
   702 | D:1      | Reached XP level 3. HP: 18/22 MP: 3/3
  1376 | D:3      | Reached skill level 1 in Armour
  1737 | D:3      | Found a blossoming altar of Fedhas.
  1861 | D:4      | Noticed Grinder
  1880 | D:5      | Entered Level 5 of the Dungeon
  1884 | D:5      | Reached XP level 4. HP: 24/27 MP: 4/4
  1923 | D:4      | Killed Grinder
  1924 | D:4      | Reached skill level 4 in Axes
  1924 | D:4      | Reached XP level 5. HP: 13/32 MP: 5/5
  1924 | D:4      | Reached XP level 6. HP: 15/37 MP: 6/6
  2102 | D:4      | Noticed Blork the orc
  2145 | D:4      | HP: 1/37 [Blork the orc/+0 glaive (7)]
  2146 | D:4      | Mangled by Blork the orc

Illustrated notes

Levels and vault maps discovered:
D:1:      dpeg_arrival_leaves_temple_mockup, layout_basic, minmay_tetromino_t4
D:2:      layout_basic, shapermc_ecumenical_altar_mp_urbaneastern, minivault_23,
          grunt_ministairs_2, dk_noncrumbling_2, uniq_robin
D:3:      layout_loops_ring, mainiacjoe_overflow_paths,
          nicolae_overflow_hidden_temple, nicolae_vehumet_altar_sigil,
          uniq_sigmund
D:4:      layout_layer_cave, lemuel_doored_altar, minmay_temple_entry_tees,
          st_stairs_6, uniq_grinder, uniq_blork_the_orc, uniq_natasha
D:5:      layout_cave_pods

Skill      XL: |  1  2  3  4 |
---------------+-------------+-----
Axes           | 3 4 |  4.3
Armour         | 1 2 |  2.8
Dodging        | 3 |  3.1
Fighting       | 3 |  3.2
Throwing       | 2 |  2.0
Stealth        | |  0.2

Action                   |  1- 3 |  4- 6 || total
-------------------------+-------+-------++-------
Melee: War axe           |   117 |    13 ||   130
       Punch             |     1 |       ||     1
Throw: Throwing net      |       |     4 ||     4
       Javelin           |       |     2 ||     2
  Use: Potion            |     1 |       ||     1
Armor: Leather armour    |    36 |       ||    36
       Chain mail        |    30 |    11 ||    41
       Ring mail         |    10 |       ||    10
Dodge: Dodged            |    87 |     3 ||    90

Table legend: (Time is in decaauts)
 A = Elapsed time spent in this place.
 B = Non-inter-level travel time spent in this place.
 C = Inter-level travel time spent in this place.
 D = Time resting spent in this place.
 E = Time spent auto-exploring this place.
 F = Levels seen in this place.
 G = Mean time per level.
                   A        B        C        D        E       F      G
               +--------+--------+--------+--------+--------+-----+--------+
         Total |   2190 |   2161 |     29 |    388 |   1017 |   5 |  438.0 |
       Dungeon |   2190 |   2161 |     29 |    388 |   1017 |   5 |  438.0 |
               +--------+--------+--------+--------+--------+-----+--------+

Top non-repeatable levels by time:
     D:1: 1100 daAuts
     D:3: 579 daAuts
     D:4: 360 daAuts
     D:2: 118 daAuts
     D:5: 32 daAuts
